AoeStats
← paulgabduggan

Arabia

504621107Analyzed
1v1 RM · 26d ago on Sep 6, 2026· 20m 48s· 2 players
Game mode
Random Map
Map size
Tiny (2 player)
Population
200
Speed
Normal
Resources
Standard
Victory
Conquest
Starting age
Dark Age
Ending age
Imperial Age
RankedLock teamsTeams togetherTeam positionsShared explorationLock speedFull tech treeHidden civsTurbo modeCheats
Victory
Defeat
🇺🇸 Malians · United States
1564
+19
🇺🇸 Chinese · United States
1638
-19
paulgabduggan
6:57 Loom
9:21 Feudal Age
10:38 Double-Bit Axe
13:42 Fletching
20:33 Castle Age
18:29 Horse Collar
19:14 Padded Archer Armor
21:17 Bodkin Arrow
20:44 Elite Skirmisher
勇敢小能能
0:26 Loom
8:43 Feudal Age
9:14 Double-Bit Axe
9:11 Horse Collar
17:41 Fletching
20:42 Padded Archer Armor
Connection lost

Rejoining the realm…

Still unreachable

The connection could not be restored.

Session expired

The server has moved on; the page needs a fresh start.